 Dungeon Crawl Stone Soup version 0.29-a0-334-gb41bcbb86e (webtiles) character file.

Game seed: 10891952402965599708

7964 zishaf the Geomancer (level 11, 0/71 HPs)
             Began as an Octopode Earth Elementalist on Apr 14, 2022.
             Was a Believer of Fedhas.
             Slain by a vampire mosquito (6 damage)
             ... on level 9 of the Dungeon.
             The game lasted 00:30:24 (11165 turns).

zishaf the Geomancer (Octopode Earth Elementalist) Turns: 11165, Time: 00:30:25

Health: 0/71       AC:  1    Str:  8    XL:     11   Next: 23%
Magic:  8/16       EV: 12    Int: 22    God:    Fedhas [**....]
Gold:   613        SH:  4    Dex: 12    Spells: 10/16 levels left

rFire   . . .      SeeInvis .   a - staff of conjuration
rCold   . . .      Faith    .   r - +0 buckler
rNeg    . . .      Spirit   .   (helmet restricted)
rPois   .          Reflect  .   D - amulet of magic regeneration
rElec   .          Harm     .   (no ring)
rCorr   .          Rampage  .   (no ring)
Will    .....                   (no ring)
Stlth   +++.......              (no ring)
HPRegen 0.21/turn               (no ring)
MPRegen 0.55/turn               (no ring)
                                (no ring)
                                (no ring)

@: no status effects
A: almost no armour, amphibious, 8 rings, camouflage 1, gelatinous body 1,
(nimble swimmer 1), tentacles
a: Renounce Religion, Wall of Briars


You were on level 9 of the Dungeon.
You worshipped Fedhas.
Fedhas was pleased with you.
You visited 2 branches of the dungeon, and saw 11 of its levels.
You also visited: Sewer.

You collected 613 gold pieces.

Inventory:

Hand Weapons
 b - a +0 whip of electrocution
 g - a +0 dagger of venom
 k - a +0 hunting sling
 p - a +3 shortbow
 v - a +0 spear
Missiles
 e - 116 stones
Armour
 r - a +0 buckler (worn)
Magical Staves
 a - a staff of conjuration (weapon)
Jewellery
 D - an amulet of magic regeneration (around mantle)
Wands
 o - a wand of charming (3)
 y - a wand of paralysis (10)
 B - a wand of digging (6)
Scrolls
 c - 2 scrolls of fear
 j - 4 scrolls of teleportation
 n - 2 scrolls of torment
 s - a scroll of enchant armour
 x - 2 scrolls of enchant weapon
 A - a scroll of magic mapping
 C - 3 scrolls of identify
 E - a scroll of vulnerability {unknown}
 F - a scroll of blinking
 G - a scroll of immolation {unknown}
Potions
 d - a potion of flight
 f - 9 potions of heal wounds
 h - a potion of brilliance
 i - 3 potions of curing
 l - a potion of magic
 m - 2 potions of lignification
 q - 3 potions of mutation
 t - 5 potions of haste
 u - a potion of invisibility {unknown}
 w - 5 potions of cancellation {unknown}
 z - 2 potions of might


   Skills:
 - Level 5.0 Fighting
 - Level 2.0 Dodging
 - Level 4.0 Stealth
 + Level 3.4 Shields
 - Level 3.0 Spellcasting
 + Level 8.0 Conjurations
 - Level 1.0 Transmutations
 * Level 12.0 Earth Magic
 + Level 6.8 Invocations


You had 10 spell levels left.
You knew the following spells:

 Your Spells              Type           Power      Damage    Failure   Level
a - Sandblast             Erth           100%       2d20      1%          1
b - Stone Arrow           Conj/Erth      100%       3d13      1%          3
c - Passwall              Tmut/Erth      26%        N/A       1%          2

Your spell library contained the following spells:

 Spells                   Type           Power      Damage    Failure   Level
 Beastly Appendage        Tmut           14%        N/A       11%         1
 Petrify                  Tmut/Erth      32%        N/A       11%         4
 Leda's Liquefaction      Hex/Erth       14%        N/A       14%         4
 Wereblood                Tmut           7%         N/A       16%         2
 Spider Form              Tmut/Pois      5%         N/A       36%         3
 Call Canine Familiar     Summ           3%         N/A       43%         3
 Portal Projectile        Hex/Tloc       6%         N/A       43%         3
 Malign Gateway           Summ/Tloc      1%         N/A       100%        7
 Summon Horrible Things   Summ           1%         N/A       100%        8


Dungeon Overview and Level Annotations

Branches:
Dungeon (10/15)            Temple (1/1) D:6            Lair (0/6) D:9
  Sewer (visited)
    Orc: D:9-12

Altars:
Ashenzari
Cheibriados
Dithmenos
Elyvilon
Fedhas
Gozag
Hepliaklqana
Kikubaaqudgha
Makhleb
Nemelex Xobeh
Okawaru
Qazlal
Ru
Sif Muna
Uskayaw
Vehumet
Wu Jian
Xom
Yredelemnul
Zin
The Shining One

Shops:
D:2 =?   D:8 [   D:9 [

Annotations:
D:7 3 runed translucent doors, hgbash's ghost, novice GrEE


Innate Abilities, Weirdness & Mutations

You cannot wear most types of armour.
You are amphibious.
You can wear up to eight rings at the same time.
Your skin changes colour to match your surroundings (Stealth+).
Your rubbery body absorbs attacks. (AC +1, EV +1)
((You are camouflaged when in or above water. (Stealth+)))
You have tentacles for arms and can constrict up to eight enemies at once.


Message History

You climb upwards.
You feel sick.
There is a stone staircase leading down here.
Casting: Sandblast (safe; 1% risk of failure)
Confirm with . or Enter, or press ? or * to list all spells.
Aiming: Stone Arrow (safe; 1% risk of failure)
Press: ? - help, Shift-Dir - straight line, f - vampire mosquito
Aim: a vampire mosquito (63% to hit)
You feel a surge of power!
The stone arrow hits the vampire mosquito!!
The vampire mosquito is severely damaged.
You feel sick. The vampire mosquito bites you.
The vampire mosquito draws strength from your injuries!
You block the vampire mosquito's attack.
The vampire mosquito bites you!
The vampire mosquito draws strength from your injuries!
The vampire mosquito bites you.
The vampire mosquito draws strength from your injuries!
Casting: Stone Arrow (safe; 1% risk of failure)
Confirm with . or Enter, or press ? or * to list all spells.
Aiming: Stone Arrow (safe; 1% risk of failure)
Press: ? - help, Shift-Dir - straight line, f/p - vampire mosquito
Aim: a vampire mosquito (moderately damaged, 63% to hit)
You feel a surge of power!
The stone arrow hits the vampire mosquito.
The vampire mosquito is heavily damaged.
You feel sick.
You are no longer poisoned.
The vampire mosquito bites you but does no damage.
You block the vampire mosquito's attack.
The vampire mosquito bites you!
* * * LOW HITPOINT WARNING * * *
The vampire mosquito draws strength from your injuries!
The vampire mosquito barely misses you.
A briar patch grows up from the ground. x6; The vampire mosquito bites you.
* * * LOW HITPOINT WARNING * * *
The vampire mosquito draws strength from your injuries!
You block the vampire mosquito's attack.
The vampire mosquito bites you.
You die...
Fedhas appreciates your contribution to the ecosystem.

####...............
#..................
#.......#.......†..
#.......#......####
###...##.......# ##
#...##.......# #.
###.......[.≈≈.# #.
#yPP.........≈.# #.
#y@P.........≈.###.
#PPP.........≈...#.
#................#.
#......≈...≈.....#.
#......≈.........#.
#.....≈≈≈........#.
###...≈≈........##.
#.............##.
#.............###


You could see 2 vampire mosquitoes.

Vanquished Creatures
  A boulder beetle (D:9)
  2 two-headed ogres
  Pikel (D:7)
  A guardian serpent (shapeshifter) (D:9)
  A gargoyle (D:9)
  A troll (D:10)
  Grinder (Sewer)
  A wyvern (D:8)
  2 steam dragons (D:9)
  An acid dragon (D:9)
  4 water moccasins
  4 ice beasts
  An orc warrior (D:9)
  3 sky beasts
  2 black bears
  5 centaurs
  2 ogres
  A lemure (D:7)
  2 phantoms
  3 kobold brigands
  6 bullfrogs
  9 wights
  5 killer bees
  2 electric eels (D:9)
  3 howler monkeys (D:8)
  A quasit (Sewer)
  4 orc priests
  A hound (D:4)
  A gnoll shaman (D:9)
  An iguana (D:6)
  4 orc wizards
  9 gnolls
  4 adders
  3 shadow imps
  2 white imps
  11 ufetubi
  3 worms
  25 orcs
  8 bats
  6 endoplasms
  7 giant cockroaches
  2 hobgoblins
  6 jackals
  26 kobolds
  5 quokkas
  7 ball pythons
  3 frilled lizards
  8 goblins
  4 rats
215 creatures vanquished.

Vanquished Creatures (others)
  An endoplasm (Sewer)
  A giant cockroach zombie (Sewer)
  3 kobold zombies (Sewer)
  4 plants (D:5)
9 creatures vanquished.

Grand Total: 224 creatures vanquished

Notes
Turn   | Place    | Note
-------+----------+-------------------------------------------
     0 | D:1      | zishaf the Octopode Earth Elementalist began the quest for
                  | the Orb.
     0 | D:1      | Reached XP level 1. HP: 11/11 MP: 3/3
   209 | D:1      | Reached XP level 2. HP: 10/18 MP: 0/5
   406 | D:1      | Found a faded altar of an unknown god.
   718 | D:2      | Reached skill level 1 in Fighting
   824 | D:2      | Reached XP level 3. HP: 23/23 MP: 6/6
   828 | D:2      | Learned a level 3 spell: Stone Arrow
   831 | D:2      | Learned a level 2 spell: Passwall
   856 | D:2      | Found Ameitziock's Magic Scroll Emporium.
   915 | D:2      | Found Kilep's Jewellery Shop.
  1619 | D:3      | Found a hide-covered altar of Uskayaw.
  1657 | D:3      | Reached XP level 4. HP: 23/28 MP: 5/7
  1797 | D:3      | Reached skill level 4 in Earth Magic
  2184 | D:3      | Reached skill level 1 in Conjurations
  2420 | D:3      | Noticed an ogre
  2457 | D:3      | Killed an ogre
  2458 | D:3      | Reached XP level 5. HP: 9/34 MP: 0/8
  2980 | D:3      | Identified the +1 leather armour of Understanding {Will+}
  3295 | D:4      | Found a sparkling altar of Nemelex Xobeh.
  3311 | D:4      | Noticed a black bear
  3439 | D:4      | Killed a black bear
  3440 | D:4      | Reached skill level 5 in Earth Magic
  3440 | D:4      | Reached XP level 6. HP: 41/41 MP: 0/9
  3758 | D:4      | Found a stormy altar of Qazlal.
  3987 | D:4      | Noticed an ice beast
  4009 | D:4      | Killed an ice beast
  4010 | D:4      | Reached XP level 7. HP: 33/46 MP: 0/10
  4108 | D:5      | Entered Level 5 of the Dungeon
  4258 | D:5      | Found a glowing golden altar of the Shining One.
  4264 | D:5      | Found an ancient bone altar of Kikubaaqudgha.
  4401 | D:5      | Reached skill level 6 in Earth Magic
  5060 | D:5      | Reached XP level 8. HP: 54/54 MP: 7/11
  5342 | D:6      | Found a glowing drain.
  5365 | Sewer    | Entered a sewer
  5485 | Sewer    | Reached skill level 7 in Earth Magic
  5724 | Sewer    | Noticed Grinder
  5960 | Sewer    | Killed Grinder
  6070 | Sewer    | Found a burning altar of Makhleb.
  6222 | D:6      | Reached skill level 8 in Earth Magic
  6226 | D:6      | Reached skill level 5 in Fighting
  6377 | D:6      | Found a staircase to the Ecumenical Temple.
  6384 | Temple   | Entered the Ecumenical Temple
  6532 | Temple   | Became a worshipper of Fedhas Madash
  6759 | D:6      | Reached skill level 5 in Conjurations
  6759 | D:6      | Reached skill level 1 in Invocations
  6790 | D:6      | Reached XP level 9. HP: 61/61 MP: 2/12
  7209 | D:7      | Found a hazy altar of Hepliaklqana.
  7381 | D:7      | Noticed Pikel
  7391 | D:7      | Killed Pikel
  7392 | D:7      | Reached skill level 9 in Earth Magic
  7526 | D:7      | Found a runed translucent gate.
  7526 | D:7      | Found a runed translucent gate.
  7543 | D:7      | Found a runed translucent gate.
  7545 | D:7      | Noticed hgbash's ghost (novice GrEE)
  8004 | D:8      | Noticed a two-headed ogre
  8005 | D:8      | Reached * piety under Fedhas
  8093 | D:8      | Found a broken altar of Ashenzari.
  8095 | D:8      | Found a sacrificial altar of Ru.
  8183 | D:8      | Reached skill level 10 in Earth Magic
  8192 | D:8      | Reached XP level 10. HP: 66/66 MP: 5/14
  8464 | D:8      | Found Seonunira's Armour Shoppe.
  8493 | D:8      | Found a glowing silver altar of Zin.
  8824 | D:8      | Killed a two-headed ogre
  8825 | D:8      | Reached skill level 5 in Invocations
  9051 | D:9      | Noticed a two-headed ogre
  9197 | D:8      | HP: 2/66 [killer bee (3)]
  9421 | D:9      | Found a staircase to the Lair.
  9590 | D:9      | Reached skill level 11 in Earth Magic
  9732 | D:9      | Noticed a guardian serpent
  9737 | D:9      | Killed a guardian serpent
  9737 | D:9      | Reached ** piety under Fedhas
  9738 | D:9      | Reached skill level 1 in Shields
  9801 | D:9      | Noticed a boulder beetle
  9847 | D:9      | Found Moyrohi's Armour Boutique.
 10403 | D:9      | Killed a two-headed ogre
 10496 | D:9      | Reached XP level 11. HP: 71/71 MP: 10/15
 10716 | D:9      | Found a shimmering altar of Xom.
 10863 | D:9      | Killed a boulder beetle
 10966 | D:10     | Entered Level 10 of the Dungeon
 10971 | D:9      | Reached skill level 12 in Earth Magic
 11165 | D:9      | Slain by a vampire mosquito

Illustrated notes

Levels and vault maps discovered:
D:1:      nicolae_arrival_washed_ashore, layout_basic,
          ebering_ecumenical_altar_webs
D:2:      layout_rooms, serial_rivers, chequers_serial_rivers_micro_a,
          chequers_serial_rivers_micro_d, chequers_serial_rivers_marsh,
          chequers_serial_rivers_small_a, serial_shops, nicolae_shop_waterfront,
          nicolae_shop_temple_entry_statues_fountains
D:3:      layout_basic, lemuel_doored_altar, roderic_serpentine_path
D:4:      layout_cave_pools, lemuel_crystal_altar,
          mainiacjoe_overflow_six_doors_small, serial_bayou_crossing
D:5:      layout_loops_corners, grunt_temple_overflow_open, serial_bayou,
          serial_bayou_lagoon_a, serial_bayou_ford_a, serial_bayou_lake_a,
          serial_bayou_pond_d
D:6:      layout_rooms, temple_green, cheibrodos_sewer_entry_drain,
          kennysheep_generic_room_10
D:7:      layout_loops_ring, kennysheep_mini_moat, gammafunk_ghost_necromancy,
          uniq_pikel
D:8:      layout_rooms, minitemple, serial_shops, shop, st_stairs_9
D:9:      kennysheep_blocky_room, layout_basic, nicolae_overflow_crystal_walls,
          serial_shops, shop
D:10:     layout_cave_pools, mainiacjoe_overflow_concentric_impassable,
          david_orc_5, ebering_dispersal_statue_hall
Temple:   minmay_temple_curvy_loop

Skill      XL: |  1  2  3  4  5  6  7  8  9 10 11 |
---------------+----------------------------------+-----
Stealth        | 3 4 |  4.0
Fighting       | 1 2 3 4 5 |  5.0
Earth Magic    | 4 5 6 8 10 11 12 | 12.0
Conjurations   | 1 2 3 5 6 7 8 |  8.0
Invocations    | 1 4 6 |  6.8
Spellcasting   | 3 |  3.0
Shields        | 2 3 |  3.4
Dodging        | |  2.0
Transmutations | |  1.0

Action                   |  1- 3 |  4- 6 |  7- 9 | 10-12 || total
-------------------------+-------+-------+-------+-------++-------
Melee: Dagger            |    51 |    47 |       |       ||    98
       Tentacles         |    17 |     8 |     1 |       ||    26
       Punch             |     2 |     1 |     1 |       ||     4
       Constrict         |    18 |     8 |     1 |       ||    27
       Staff             |       |       |     2 |       ||     2
 Cast: Sandblast         |    17 |    41 |   140 |    50 ||   248
       Stone Arrow       |       |     6 |    24 |    51 ||    81
Invok: Wall of Briars    |       |       |       |     2 ||     2
  Use: Scroll            |       |    11 |     9 |     1 ||    21
       Potion            |       |       |       |     2 ||     2
 Stab: Sleeping          |     7 |     3 |       |       ||    10
Armor: Skin              |     9 |     3 |     2 |     3 ||    17
Dodge: Dodged            |    34 |    36 |    39 |    42 ||   151
Block: Buckler           |       |       |       |     8 ||     8

Table legend: (Time is in decaauts)
 A = Elapsed time spent in this place.
 B = Non-inter-level travel time spent in this place.
 C = Inter-level travel time spent in this place.
 D = Time resting spent in this place.
 E = Time spent auto-exploring this place.
 F = Levels seen in this place.
 G = Mean time per level.
                   A        B        C        D        E       F      G
               +--------+--------+--------+--------+--------+-----+--------+
         Total |  11171 |  10808 |    363 |   2190 |   6080 |  12 |  930.9 |
       Dungeon |  10164 |   9815 |    349 |   1889 |   5724 |  10 | 1016.4 |
        Temple |    171 |    157 |     14 |      0 |    130 |   1 |  171.0 |
         Sewer |    836 |    836 |      0 |    301 |    226 |   1 |  836.0 |
               +--------+--------+--------+--------+--------+-----+--------+

Top non-repeatable levels by time:
     D:9: 1540 daAuts
     D:8: 1353 daAuts
     D:3: 1243 daAuts
     D:5: 1224 daAuts
     D:7: 1169 daAuts
     D:2: 1113 daAuts
     D:4: 1056 daAuts
   Sewer: 836 daAuts
     D:1: 694 daAuts
     D:6: 623 daAuts
  Temple: 171 daAuts
    D:10: 145 daAuts
